[Event "*** SCC Grand Prix: Titled Tuesday Blitz"]
[Site "Chess.com"]
[Date "2020.07.21"]
[Round "4"]
[White "Morshynska"]
[Black "canary2016"]
[Result "1-0"]
[WhiteElo "2173"]
[BlackElo "1898"]
[TimeControl "180+1"]
[EndTime "10:39:14 PDT"]
[Termination "Morshynska won on time"]

1. e4 e5 2. Nf3 Nf6 3. Nc3 Bb4 4. Nd5 Nxd5 5. exd5 d6 6. c3 Bc5 7. d4 exd4 8. Nxd4 Qe7+ 9. Be3 O-O 10. Be2 Nd7 11. O-O Ne5 12. Re1 Qf6 13. a4 h6 14. b4 Bb6 15. a5 Bxd4 16. Bxd4 Re8 17. Qd2 Qg6 18. Kh1 Bf5 19. a6 b6 20. Bb5 Re7 21. f4 Be4 22. fxe5 dxe5 23. Be3 Rd8 24. c4 Rd6 25.
Rf1 Qh5 26. Rf2 Rg6 27. Rg1 Qg4 28. Ba4 Qc8 29. b5 Qd7 30. Bd1 Qc8 31. Bf3 Bxf3 32.
gxf3 Rxg1+ 33. Kxg1 Qf5 34. Qe2 Qb1+ 35. Qf1 Qg6+ 36.
Rg2 Qf6 37. Kh1 Kh7 38. Qd3+ Kh8 39. Qe4 Qd6 40. Qg4 f6 41. Qc8+ Kh7 42. Qf5+ Kh8 43. Qg6 Qd7 44. Bxh6 Kg8 45. Be3 Kf8 46. Bg1 1-0

[Event "*** SCC Grand Prix: Titled Tuesday Blitz"]
[Site "Chess.com"]
[Date "2020.07.21"]
[Round "4"]
[White "baki83"]
[Black "vladislavkovalev"]
[Result "0-1"]
[WhiteElo "2733"]
[BlackElo "2899"]
[TimeControl "180+1"]
[EndTime "10:39:15 PDT"]
[Termination "vladislavkovalev won by resignation"]

1. e4 e5 2. Nf3 Nc6 3. Bb5 a6 4.
Ba4 Nf6 5. O-O Be7 6. d3 b5 7. Bb3 d6 8. a3 O-O 9. Nc3 Nb8 10.
Ne2 Nbd7 11. Ng3 Nc5 12. Ba2 Be6 13. Be3 Bxa2 14. Rxa2 Ne6 15. a4 c5 16. Nf5 g6 17.
Ng3 Re8 18. h3 Bf8 19. c3 Qc7 20. Qc2 d5 21. Rfa1 d4 22. cxd4 cxd4 23. Qxc7 Nxc7 24.
Bd2 Nd7 25. b4 f6 26. Ne2 Nb6 27. axb5 axb5 28. Rxa8 Rxa8 29. Rxa8 Nbxa8 30. Ne1 Nb6 31. Nc2 Na4 32. Nc1 Kf7 33. Kf1 Ke6 34. Ke2 Kd7 35.
Nb3 Kc6 36. f4 Bd6 37. g3 Na6 38. h4 Nc3+ 39. Kf3 Nxb4 40. Ncxd4+ exd4 41. Nxd4+ Kb6 42. Bxc3 Nxd3 43. Nxb5 Kxb5 44. Bxf6 Kc6 45. g4 Bxf4 46. h5 g5 0-1

[Event "*** SCC Grand Prix: Titled Tuesday Blitz"]
[Site "Chess.com"]
[Date "2020.07.21"]
[Round "4"]
[White "Tooweak2slow03"]
[Black "RodinMihail"]
[Result "1-0"]
[WhiteElo "2692"]
[BlackElo "2484"]
[TimeControl "180+1"]
[EndTime "10:39:15 PDT"]
[Termination "Tooweak2slow03 won by checkmate"]

1. e4 e5 2. Nf3 Nc6 3. Nc3 Nf6 4.
a3 d5 5. Bb5 Nxe4 6. Qe2 Nxc3 7. Qxe5+ Be7 8. dxc3 O-O 9. Bxc6 bxc6 10. O-O Bd6 11. Qh5 Qf6 12. Be3 c5 13. Rad1 c6 14.
Rfe1 Bf5 15. Rd2 h6 16. Nh4 Be4 17. Qg4 Rfe8 18. Rde2 Re6 19. b4 cxb4 20. cxb4 a5 21. bxa5 Rxa5 22. f3 Bh7 23. Bf2 Rxe2 24. Rxe2 Ra8 25. a4 Qg5 26. Qd7 Qd8 27. Qxc6 g5 28. a5 Rc8 29. Qa4 gxh4 30. a6 Ra8 31. a7 Bg6 32.
Qc6 Rc8 33. Qb7 Qc7 34. a8=Q Rxa8 35. Qxa8+ Kh7 36. Bd4 Qb8 37. Qxb8 Bxb8 38. Re8 Be5 39. Bxe5 f6 40. Bxf6 Bxe8 41. Bxh4 Kg6 42. c3 Bb5 43. Kf2 Bc4 44. Ke3 Kf5 45. g4+ Kg6 46. f4 Bb3 47. f5+ Kf7 48. Kf4 Bd1 49. h3 Be2 50. Bf2 Bf1 51.
h4 Be2 52. g5 hxg5+ 53. hxg5 Bd3 54. Bd4 Bc2 55. g6+ Kg8 56. Kg5 Kf8 57. f6 Ke8 58. f7+ Ke7 59. Bc5+ Ke6 60. f8=Q d4 61. Qd6# 1-0

[Event "*** SCC Grand Prix: Titled Tuesday Blitz"]
[Site "Chess.com"]
[Date "2020.07.21"]
[Round "4"]
[White "aa175"]
[Black "okriak"]
[Result "0-1"]
[WhiteElo "2486"]
[BlackElo "2701"]
[TimeControl "180+1"]
[EndTime "10:39:16 PDT"]
[Termination "okriak won on time"]

1. d4 d5 2. Bf4 Nf6 3. e3 c5 4. Nf3 Nc6 5. Nbd2 Qb6 6. dxc5 Qxc5 7. h3 Bf5 8. a3 Qxc2 9. Qxc2 Bxc2 10. Rc1 Bf5 11.
Nb3 Rc8 12. Bb5 a6 13. Bxc6+ bxc6 14. Ne5 e6 15. Rxc6 Rxc6 16. Nxc6 Bc2 17. Nbd4 Ba4 18.
O-O Bxc6 19. Nxc6 Bc5 20. Rc1 Bb6 21. Bd6 Ne4 22. Bb4 f6 23. Ba5 Bxa5 24. Nxa5 Kd7 25. f3 Nd6 26. Rc6 Ra8 27. Rb6 Kc7 28. Rc6+ Kd7 29.
Rb6 Ra7 30. b4 Nc4 31. Rb8 Nxa5 32. bxa5 Rc7 33. Rg8 Kd6 34. Ra8 Rc3 35. Rxa6+ Ke5 36. Kf2 g5 37. h4 gxh4 38. Ra7 Rxa3 39. Rxh7 Ra2+ 40. Kf1 Rxa5 41. Rxh4 f5 42. Rd4 Kf6 43. Rd2 e5 44. Ke2 Ke6 45. g4 fxg4 46. fxg4 Ra1 47. Kf3 e4+ 48. Kf4 Rf1+ 49. Kg5 Rf3 50. Ra2 Rxe3 51. Ra8 Ke5 52. Re8+ Kd4 53. Kg6 Rg3 54.
Kf5 Ke3 55. g5 Kd3 56. g6 e3 0-1

[Event "*** SCC Grand Prix: Titled Tuesday Blitz"]
[Site "Chess.com"]
[Date "2020.07.21"]
[Round "4"]
[White "Yoshikrov"]
[Black "MarceloPlaya"]
[Result "1-0"]
[WhiteElo "2125"]
[BlackElo "2298"]
[TimeControl "180+1"]
[EndTime "10:39:16 PDT"]
[Termination "Yoshikrov won on time"]

1. e4 e6 2. d4 d5 3. Nd2 c5 4. exd5 exd5 5. Ngf3 Nc6 6. Bb5 Bd6 7. dxc5 Bxc5 8. Nb3 Bb6 9. O-O Ne7 10. Nbd4 O-O 11.
c3 Qd6 12. Re1 Bg4 13. Nxc6 bxc6 14. Be2 Nf5 15. h3 Bh5 16. g4 Qg3+ 17. Kh1 Qxh3+ 18. Nh2 Nh4 19. Bf1 Bxg4 20. Bxh3 Bxd1 21. Rxd1 Bxf2 22.
Bg5 Ng6 23. Bd7 h6 24. Bd2 Ne5 25. Bh3 g5 26. Rf1 Bb6 27. Ng4 Nxg4 28. Bxg4 Rfe8 29. Rf6 Re4 30. Bf3 Rh4+ 31. Kg2 g4 32. Be2 Re8 33. Ba6 Re6 34. Rxe6 fxe6 35. Rh1 Rxh1 36. Kxh1 h5 37. Kg2 Kf7 38. a4 e5 39. b4 e4 40. a5 Bc7 41.
Be3 Be5 42. Bb7 Bxc3 43. Bxc6 Ke6 44. a6 d4 45. Bc1 Ke5 46. b5 Ba5 47. Be8 h4 48.
Bh5 g3 49. Bg5 d3 50. Be3 Kd5 51. Kh3 d2 52. Kxh4 Kc4 53. Be2+ 1-0

[Event "*** SCC Grand Prix: Titled Tuesday Blitz"]
[Site "Chess.com"]
[Date "2020.07.21"]
[Round "4"]
[White "Mikasinski"]
[Black "Richarzard69"]
[Result "1-0"]
[WhiteElo "2413"]
[BlackElo "2207"]
[TimeControl "180+1"]
[EndTime "10:39:17 PDT"]
[Termination "Mikasinski won on time"]

1. e4 e6 2. d4 c5 3. Nc3 cxd4 4. Qxd4 Nc6 5. Qe3 Bb4 6. Bd2 Nf6 7. a3 Ba5 8. O-O-O O-O 9. h3 d5 10. exd5 exd5 11.
Qg3 Bf5 12. Bd3 Bxd3 13. Qxd3 Ne5 14. Qg3 Nc4 15. Bg5 Qb6 16. b4 Bxb4 17. Na4 Qb5 18.
axb4 Ne4 19. Qb3 Nxg5 20. Nc3 Qa6 21. Rxd5 Qa1+ 22. Nb1 Rac8 23. Rxg5 Rfd8 24. Nf3 a5 25. Rc5 axb4 26. Qxc4 Rxc5 27. Qxc5 b3 28. cxb3 Qa8 29. Kb2 Rc8 30. Qa3 Qb8 31. Rc1 Rd8 32. Nc3 Qf4 33. Qa5 Qf6 34. Re1 g6 35. Qe5 Qb6 36. Qe3 Qc6 37.
Qe7 Qc8 38. Qe3 Rf8 39. Re2 Rd8 40. Rd2 Rf8 41. Qe4 Qc7 42. Qc4 Qa5 43. Nd4 Qa7 44. Ndb5 Qb6 45. Nd5 Qd8 46. Qd4 Qg5 47. Nf6+ Kh8 48.
Ne4+ 1-0

[Event "*** SCC Grand Prix: Titled Tuesday Blitz"]
[Site "Chess.com"]
[Date "2020.07.21"]
[Round "4"]
[White "Denmark2015"]
[Black "Alexander_Zubov"]
[Result "0-1"]
[WhiteElo "2621"]
[BlackElo "2852"]
[TimeControl "180+1"]
[EndTime "10:39:18 PDT"]
[Termination "Alexander_Zubov won by resignation"]

1. d4 Nf6 2. Nf3 g6 3. Bf4 Bg7 4. e3 d6 5. h3 c5 6. c3 Qb6 7. Qb3 Be6 8. Qa3 Nbd7 9. Nbd2 O-O 10. Bc4 Bxc4 11. Nxc4 Qc6 12. Ncd2 b5 13. O-O a5 14.
Qb3 a4 15. Qd1 a3 16. b3 Nd5 17. Rc1 Nxf4 18. exf4 cxd4 19. Nxd4 Qb7 20. N2f3 e6 21. Qe2 Rab8 22. Rfd1 Rfc8 23. Ng5 Nc5 24. Qf3 Qxf3 25. Ngxf3 Bh6 26. Ne2 d5 27. g3 Ne4 28. Nd2 Nd6 29. Nb1 Ra8 30. Nd4 Bg7 31. f3 Rc7 32. Kf2 h5 33.
Ke2 h4 34. g4 Bh6 35. Ke3 e5 36. Ne2 exf4+ 37. Kd3 Re8 38. Nd4 Re3+ 39. Kc2 Bg7 40. Rd3 b4 41. Rxe3 fxe3 42. Kd3 f5 43. gxf5 gxf5 44.
c4 dxc4+ 45. bxc4 f4 46. Ne2 Be5 47. Rg1+ Kf7 48. Rg4 Rxc4 49. Rxh4 b3 50. Nxa3 bxa2 51. Nxc4 Nxc4 52. Rh7+ Bg7 53. Rxg7+ Kxg7 54. Nxf4 a1=Q 55. Ne6+ Kf6 0-1

[Event "*** SCC Grand Prix: Titled Tuesday Blitz"]
[Site "Chess.com"]
[Date "2020.07.21"]
[Round "4"]
[White "RubensCezila"]
[Black "exoticprincess"]
[Result "0-1"]
[WhiteElo "2563"]
[BlackElo "2843"]
[TimeControl "180+1"]
[EndTime "10:39:18 PDT"]
[Termination "exoticprincess won on time"]

1. c4 c6 2. Nc3 d5 3. e3 Nf6 4. Nf3 a6 5. b3 Bg4 6. Bb2 e6 7. h3 Bh5 8. Be2 Nbd7 9. O-O Be7 10. Rc1 O-O 11. d4 h6 12. Qc2 Bg6 13. Bd3 Bxd3 14. Qxd3 a5 15. e4 dxe4 16. Nxe4 Nxe4 17. Qxe4 Nf6 18.
Qe2 a4 19. Ra1 Qb6 20. Qc2 Rfd8 21. Rfd1 a3 22. Bc3 Bb4 23. Ne5 Qa5 24. Bxb4 Qxb4 25. Nd3 Qb6 26. Nc5 Qa7 27. Qc3 b6 28. Na4 b5 29. Nc5 Rab8 30. Qf3 Rd6 31. Rac1 b4 32.
Qe3 Rbd8 33. Rd3 Re8 34. Rcd1 Rdd8 35. Qf3 Qb8 36. Qxc6 Rc8 37. Qf3 Red8 38. Ne4 Nd7 39. c5 Rc7 40. Rc1 Qa8 41. Rdd1 Qd5 42. Qf4 Rc6 43.
Rc4 e5 44. Qf3 f5 45. Qxf5 Rf8 46. Qg4 h5 47. Qe2 Rg6 48. Ng3 h4 49. Ne4 Nf6 50.
Nxf6+ Rfxf6 51. f4 exf4 52. c6 f3 53. Qe8+ Kh7 54. c7 Rxg2+ 55. Kh1 f2 56. Qh5+ Qxh5 57. c8=Q f1=Q+ 0-1

[Event "*** SCC Grand Prix: Titled Tuesday Blitz"]
[Site "Chess.com"]
[Date "2020.07.21"]
[Round "4"]
[White "AleksanderHnydiuk"]
[Black "PowerThinking2650"]
[Result "1-0"]
[WhiteElo "2588"]
[BlackElo "2350"]
[TimeControl "180+1"]
[EndTime "10:39:18 PDT"]
[Termination "AleksanderHnydiuk won by resignation"]

1. Nf3 Nf6 2. c4 g6 3. g3 Bg7 4. Bg2 O-O 5. O-O d6 6. d4 Nbd7 7. Nc3 e5 8. e4 a6 9. h3 b5 10.
dxe5 dxe5 11. Qc2 b4 12. Nd5 a5 13. Rd1 c6 14. Nxf6+ Bxf6 15. a3 Rb8 16. axb4 axb4 17. Be3 Qe7 18. Ra7 Rb7 19. Qa4 Nc5 20. Qxc6 Rxa7 21. Bxc5 Qc7 22. Qxc7 Rxc7 23. Bxf8 Kxf8 24. Nd2 Rd7 25. Bf3 Bb7 26. h4 Bg7 27. Bg4 Rd8 28. Kf1 Bh6 29. Ke2 Rxd2+ 30. Rxd2 Bxd2 31. Kxd2 Bxe4 32. c5 f5 33. Be2 Ke7 34. Bd3 Bd5 35. h5 Kd7 36.
Bb5+ Ke7 37. h6 g5 38. Kd3 Kf6 39. Bc4 Bc6 40. Bg8 Kg6 41. Kc4 Kxh6 42. Kxb4 Kg7 43.
Bc4 h5 44. Kc3 h4 45. gxh4 gxh4 46. Bf1 Kf6 47. b4 Kg5 48. b5 Bxb5 49. Bxb5 h3 50. Bf1 Kf4 51. Bxh3 e4 52. c6 Kf3 53. Bxf5 1-0

[Event "*** SCC Grand Prix: Titled Tuesday Blitz"]
[Site "Chess.com"]
[Date "2020.07.21"]
[Round "4"]
[White "Paul66666"]
[Black "Iball95"]
[Result "1/2-1/2"]
[WhiteElo "2500"]
[BlackElo "2696"]
[TimeControl "180+1"]
[EndTime "10:39:19 PDT"]
[Termination "Game drawn by agreement"]

1. e4 c5 2. Nc3 Nc6 3. g3 e6 4. Bg2 Nf6 5. d3 d5 6. exd5 exd5 7. Nf3 d4 8. Qe2+ Be7 9. Ne4 Nxe4 10. dxe4 O-O 11.
O-O Be6 12. Bf4 c4 13. Rfd1 Qb6 14. b3 Qc5 15. Nd2 c3 16. Nf3 Rfd8 17. Ne1 Rac8 18. Nd3 Qa3 19. Bc1 Qa6 20. Bf1 h6 21. f4 Nb4 22. f5 Nxd3 23. fxe6 Nxc1 24. exf7+ Kxf7 25. Qxa6 bxa6 26. Raxc1 Bg5 27. Rb1 Be3+ 28. Kg2 a5 29.
Bc4+ Ke7 30. Rf1 Rf8 31. Bd3 Kd6 32. Rxf8 Rxf8 33. Rf1 Rxf1 34. Kxf1 Kc5 35. a4 Kd6 36. Kg2 Ke5 37. Kf3 Bg1 38. h3 Be3 39. Bc4 Bg5 40. Bd3 Be7 41. Kg4 g6 42. Kf3 Bd8 43. Ba6 Bc7 44. Bb5 Kf6 45. Bd3 Be5 46. Bc4 Ke7 47.
Bd3 Kd6 48. Bc4 Kc5 49. Bd3 Kb4 50. Kf2 Ka3 51. Kf3 Kb2 52. h4 Kc1 53. g4 h5 54.
gxh5 gxh5 55. Kg2 Kd2 56. Kh3 Ke3 57. Kg2 Kf4 58. Kh3 Kf3 59. Bc4 Kxe4 60. Bd3+ Kf4 61. Bh7 Bf6 62. Bd3 Kf3 63. Bg6 Ke3 64. Bd3 Kd2 65.
Bg6 Ke1 66. Bd3 Kf2 67. Bg6 Ke3 68. Bd3 Kf4 69. Bg6 Bd8 70. Bd3 Ke5 71. Bg6 Kf6 72.
Bd3 Be7 73. Be2 Bd6 74. Bd3 Ke5 75. Bg6 Kf4 76. Bd3 Kf3 77. Bg6 Kf4 78. Bd3 Ke5 79.
Bh7 Kf6 80. Bd3 Bc7 81. Be4 Kg7 82. Bd3 Kf6 83. Be4 a6 84. Bd3 Ke5 85. Bg6 Kf4 86.
Bd3 Ke3 87. Bxa6 Bd6 88. Bd3 Kd2 89. Bg6 Be7 90. Bd3 Ke1 91. Bg6 Kf2 92. Bd3 Ke3 93. Bg6 Kf4 94. Bd3 Ke5 95. Bh7 Kf6 96. Bd3 Bd6 97. Be2 Ke5 98. Bd3 1/2-1/2

[Event "*** SCC Grand Prix: Titled Tuesday Blitz"]
[Site "Chess.com"]
[Date "2020.07.21"]
[Round "4"]
[White "bratkoo"]
[Black "BakaPG"]
[Result "0-1"]
[WhiteElo "2470"]
[BlackElo "2650"]
[TimeControl "180+1"]
[EndTime "10:39:19 PDT"]
[Termination "BakaPG won by checkmate"]

1. e4 e6 2. d4 d5 3. Nd2 a6 4. Ngf3 Nf6 5. Bd3 c5 6. c3 Nc6 7. exd5 exd5 8. O-O c4 9. Bc2 Be7 10. b3 cxb3 11. axb3 O-O 12. h3 h6 13. Re1 Be6 14.
Nf1 Rc8 15. Ng3 Qd7 16. Qd3 Rfe8 17. Ne5 Qd8 18. Nh5 Ne4 19. Rxe4 dxe4 20. Qg3 Bg5 21. h4 Nxd4 22. cxd4 Rxc2 23. hxg5 Qxd4 24. gxh6 Qd1+ 25. Kh2 Qxh5+ 26. Kg1 g6 27. Be3 Rd8 28. Qf4 Rd1+ 29.
Rxd1 Qxd1+ 30. Kh2 Qh5+ 31. Kg3 g5 32. Qxe4 Qh4+ 33.
Qxh4 gxh4+ 34. Kxh4 Kh7 35. b4 Rb2 36. Bc5 b6 37. Be7 Rxf2 38. g4 a5 39. bxa5 bxa5 40. g5 a4 41. Kg3 Rb2 42. Ng4 Bxg4 43. Kxg4 Rb3 44. Kf5 a3 45. Kf6 Rf3+ 46. Ke5 a2 47. Ke4 Rf1 48. Bf6 Rxf6 49. gxf6 a1=Q 50. Kf5 Qd4 51.
Kg5 Qe5+ 52. Kg4 Qxf6 53. Kh5 Qxh6+ 54. Kg4 Qf6 55. Kh5 Qg6+ 56. Kh4 Kh6 57. Kh3 Kh5 58. Kh2 Qd3 59. Kg2 Kg4 60. Kf2 Qd2+ 61. Kg1 Kg3 62. Kh1 Qd1# 0-1

[Event "*** SCC Grand Prix: Titled Tuesday Blitz"]
[Site "Chess.com"]
[Date "2020.07.21"]
[Round "4"]
[White "RestartingChess"]
[Black "fighter2jz"]
[Result "0-1"]
[WhiteElo "2524"]
[BlackElo "2810"]
[TimeControl "180+1"]
[EndTime "10:39:20 PDT"]
[Termination "fighter2jz won by checkmate"]

1. e4 c5 2. Nf3 d6 3. Bb5+ Nd7 4. c4 Nf6 5. Nc3 g6 6. d3 Bg7 7. h3 O-O 8. Be3 Nb6 9. O-O a6 10. Ba4 Nxa4 11. Nxa4 b5 12. cxb5 axb5 13. Nc3 b4 14. Ne2 Bb7 15. Qd2 Re8 16. a3 Ra4 17. axb4 Rxb4 18.
Ra2 Qd7 19. Rfa1 Bc6 20. Ra7 Rb7 21. Rxb7 Qxb7 22. Rb1 Rb8 23. Nc3 Nd7 24. Qc2 Qb3 25. Qxb3 Rxb3 26. Bd2 h6 27. Kf1 Nb8 28. Ke2 Na6 29.
Nd1 c4 30. dxc4 Bxe4 31. Ra1 Bd3+ 32. Ke1 Bxc4 33. Bc3 Nc5 34. Ra8+ Kh7 35. Nd2 Nd3+ 36. Kf1 Nxb2+ 37. Nxc4 Nxc4 38. Bxg7 Kxg7 39. Ra7 Kf6 40. Ke2 Ra3 41. Rc7 Ra2+ 42. Kf3 Rd2 43. Ne3 Nxe3 44. Kxe3 Rd5 45. Rc3 Re5+ 46. Kf3 Rf5+ 47. Ke3 Rc5 48. Ra3 e5 49. f4 Ke6 50. fxe5 dxe5 51. g4 Rc6 52.
Ke4 f5+ 53. gxf5+ gxf5+ 54. Kf3 f4 55. Ke4 Rc4+ 56. Kf3 Kf5 57. h4 e4+ 58. Kg2 Rc2+ 59. Kh3 e3 60. Ra5+ Ke4 61. Ra8 Kf3 62. h5 e2 63. Re8 Rc1 64. Rg8 Rh1# 0-1

[Event "*** SCC Grand Prix: Titled Tuesday Blitz"]
[Site "Chess.com"]
[Date "2020.07.21"]
[Round "4"]
[White "Juanovic"]
[Black "novocane"]
[Result "0-1"]
[WhiteElo "2082"]
[BlackElo "2264"]
[TimeControl "180+1"]
[EndTime "10:39:20 PDT"]
[Termination "novocane won by checkmate"]

1. e4 c5 2. Nf3 Nc6 3. Nc3 e5 4. g3 g6 5. Bg2 Bg7 6. d3 Nge7 7. Bg5 f6 8. Be3 Nd4 9. Ne2 d5 10. c3 Nxf3+ 11. Bxf3 d4 12. cxd4 cxd4 13. Bd2 Bh3 14. Qb3 Qd7 15. Rc1 Be6 16. Qa3 Bh3 17. Qb3 h5 18. Bb4 h4 19. Rc2 Be6 20. Qa3 hxg3 21.
hxg3 Rxh1+ 22. Bxh1 Nc6 23. Bd6 Rd8 24. Bc5 b6 25.
Bb4 a5 26. Bd2 Bf8 27. Qa4 Nb4 28. Qxd7+ Kxd7 29. Bxb4 Bxb4+ 30. Kf1 Bxa2 31. Bf3 Bb3 32. Rc1 Be6 33. Kg2 Rc8 34. Rxc8 Kxc8 35. g4 Kd7 36.
Ng3 Kd6 37. Kf1 b5 38. Ke2 a4 39. Kd1 Kc5 40. Kc2 Be1 41. Nh1 b4 42. Kd1 Bc3 43.
bxc3 dxc3 44. Kc2 Kd4 45. Ng3 b3+ 46. Kb1 Kxd3 47. Be2+ Kd2 48. Bb5 a3 49. Nf1+ Kd1 50.
Ne3+ Kd2 51. Nf1+ Ke1 52. Ne3 a2+ 53. Ka1 b2# 0-1

[Event "*** SCC Grand Prix: Titled Tuesday Blitz"]
[Site "Chess.com"]
[Date "2020.07.21"]
[Round "4"]
[White "MF1966Idrisov"]
[Black "Chessmasterzt"]
[Result "0-1"]
[WhiteElo "2357"]
[BlackElo "2591"]
[TimeControl "180+1"]
[EndTime "10:39:21 PDT"]
[Termination "Chessmasterzt won on time"]

1. Nf3 Nf6 2. b3 g6 3. Bb2 Bg7 4. c4 O-O 5. g3 b6 6. Bg2 Bb7 7. O-O e6 8. d3 d6 9. d4 Nbd7 10. Nbd2 c5 11. Qc2 a6 12. e4 cxd4 13. Bxd4 Qc7 14.
Rfe1 e5 15. Bb2 b5 16. Rac1 Rfc8 17. Qb1 b4 18. Nf1 Nc5 19. N3d2 Bc6 20. f3 Bh6 21. Ne3 Qa7 22. Ndf1 a5 23. Rcd1 Rd8 24. Kh1 a4 25.
Bc1 Bg7 26. Nd5 Nxd5 27. exd5 Bd7 28. f4 Bf5 29. Qb2 axb3 30. axb3 Nd3 31. Rxd3 Bxd3 32. Qd2 Bxf1 33. Rxf1 Qa2 34. Qe3 Re8 35. f5 e4 36. c5 dxc5 37. Qxc5 Qxb3 38. fxg6 hxg6 39. d6 Qe6 40. Bf4 Rac8 41. Qxb4 Rcd8 42. Rd1 Be5 43. Bxe5 Qxe5 44. d7 Re7 45. Bh3 e3 46. Qc4 e2 47. Re1 Qe4+ 48. Qxe4 Rxe4 49. Kg1 f5 50. Kf2 Rxd7 51. Rxe2 Rxe2+ 52. Kxe2 Ra7 53. Kf2 Kg7 54. Bf1 Kf6 0-1

[Event "*** SCC Grand Prix: Titled Tuesday Blitz"]
[Site "Chess.com"]
[Date "2020.07.21"]
[Round "4"]
[White "Gareth-Bale11"]
[Black "manmanlai1"]
[Result "1-0"]
[WhiteElo "2704"]
[BlackElo "2496"]
[TimeControl "180+1"]
[EndTime "10:39:22 PDT"]
[Termination "Gareth-Bale11 won by resignation"]

1. d4 d5 2. c4 e6 3. Nc3 Bb4 4. Nf3 Nf6 5. Bg5 dxc4 6. e4 h6 7. Bxf6 Qxf6 8. Bxc4 O-O 9. O-O Rd8 10. Qb3 Ba5 11. Rad1 Bb6 12. d5 e5 13. Na4 Bg4 14.
Be2 Nd7 15. h3 Bxf3 16. Bxf3 Qd6 17. Rc1 Nc5 18. Nxc5 Bxc5 19. Qxb7 Rab8 20. Qc6 Qxc6 21. dxc6 Bd4 22. b3 Rd6 23. Rc2 g6 24. h4 h5 25. Be2 Kg7 26. g3 Bb6 27. Rd1 Rxd1+ 28. Bxd1 Rd8 29. Bf3 Rd4 30. Kf1 Kf6 31. Ke2 Ke7 32.
Bg2 Kd6 33. Kf3 Rd3+ 34. Ke2 Rd4 35. f3 Bc5 36. Bh3 Kxc6 37. Bc8 Kd6 38. Ba6 Bb6 39.
Bc4 Ke7 40. Bd5 f5 41. Rc6 fxe4 42. fxe4 Ba5 43. Rxg6 Rd2+ 44. Kf3 Rxa2 45. Rg5 Bc3 46. Rxh5 a5 47. Rh7+ Kd6 48. Rh6+ Kd7 49. g4 Be1 50. g5 Rf2+ 51. Kg4 Rf4+ 52. Kh5 Rxh4+ 53.
Kg6 Ke7 54. Rh7+ Rxh7 55. Kxh7 Bh4 56. g6 Bf6 57. g7 Bxg7 58. Kxg7 Kd6 59. Kf6 c6 60.
Bg8 1-0

[Event "*** SCC Grand Prix: Titled Tuesday Blitz"]
[Site "Chess.com"]
[Date "2020.07.21"]
[Round "4"]
[White "tandaleo"]
[Black "FontVella8"]
[Result "0-1"]
[WhiteElo "2326"]
[BlackElo "2583"]
[TimeControl "180+1"]
[EndTime "10:39:23 PDT"]
[Termination "FontVella8 won by resignation"]

1. d4 Nf6 2. c4 b6 3. Nc3 Bb7 4. d5 g6 5. e4 d6 6. g3 Bg7 7.
Bg2 O-O 8. Nge2 Nbd7 9. O-O a5 10. a3 Nc5 11. Be3 e5 12. b4 Ncd7 13. h3 Nh5 14. Rb1 axb4 15. axb4 f5 16. g4 fxg4 17. hxg4 Nf4 18.
Nxf4 exf4 19. Bd4 Bxd4 20. Qxd4 f3 21. Bh3 Qh4 22. Kh2 Ne5 23. Rg1 Bc8 24. Rg3 Bxg4 25. Rbg1 Bxh3 26. Rxh3 Qf4+ 27. Kh1 Ra3 28. Nb5 Rd3 29.
Qa1 Qxe4 30. Nxc7 Ng4 31. Rf1 Rd2 32. Ne6 Qe5 33. Qxe5 dxe5 34. Nxf8 Nxf2+ 35. Rxf2 Rxf2 36. Ne6 e4 37. Nd4 Rd2 38. Nxf3 exf3 39. Rxf3 Kg7 40.
Re3 h5 41. Kg1 g5 42. Re7+ Kf6 43. Re6+ Kf5 44. Rxb6 Rd4 45. Rc6 Kg4 46. d6 Kg3 47.
Kf1 h4 48. c5 h3 49. Rc8 h2 50. Rh8 Rh4 51. Rxh4 gxh4 52. d7 h1=Q+ 53. Ke2 Qd5 54. c6 h3 55. b5 Qxb5+ 56. Ke3 Qd5 0-1

[Event "*** SCC Grand Prix: Titled Tuesday Blitz"]
[Site "Chess.com"]
[Date "2020.07.21"]
[Round "4"]
[White "rasmussvane"]
[Black "White_Ghost"]
[Result "1-0"]
[WhiteElo "2887"]
[BlackElo "2541"]
[TimeControl "180+1"]
[EndTime "10:39:24 PDT"]
[Termination "rasmussvane won by checkmate"]

1. Nf3 d5 2. g3 Nf6 3. Bg2 Bg4 4.
O-O e6 5. h3 Bh5 6. d4 c6 7. c4 Be7 8. cxd5 cxd5 9. Qb3 Qb6 10. Nc3 Bxf3 11. Bxf3 Nc6 12. e3 Qxb3 13. axb3 Nd7 14.
Bd2 Bd6 15. Rfc1 Ke7 16. Nb5 Rhc8 17. Nxd6 Kxd6 18. Be2 a6 19. f3 h5 20. Kf2 g6 21.
Bc3 Rcb8 22. e4 Rc8 23. Ke3 Rd8 24. Bd3 Rdc8 25. Rc2 b5 26. Rac1 Nb6 27. Bd2 Kd7 28. Rc5 Rc7 29. Ba5 Rb8 30. Bxb6 Rxb6 31. exd5 exd5 32.
Rxd5+ Ke6 33. Rdc5 Kd6 34. Be4 f5 35. Bxc6 Rbxc6 36. Rxc6+ Rxc6 37. Rxc6+ Kxc6 38. g4 hxg4 39. fxg4 Kd5 40. gxf5 gxf5 41. h4 f4+ 42. Kxf4 Kxd4 43. h5 Kd3 44. h6 Kc2 45. h7 Kxb3 46. h8=Q b4 47. Qe5 a5 48. Qxa5 Kxb2 49. Qxb4+ Kc2 50. Qd4 Kb3 51. Qc5 Ka4 52. Qb6 Ka3 53. Ke3 Ka4 54. Kd4 Ka3 55. Kc3 Ka2 56. Qb5 Ka1 57. Kc2 Ka2 58.
Qb7 Ka3 59. Qb3# 1-0

[Event "*** SCC Grand Prix: Titled Tuesday Blitz"]
[Site "Chess.com"]
[Date "2020.07.21"]
[Round "4"]
[White "Zhani-Z"]
[Black "silverback96"]
[Result "1-0"]
[WhiteElo "2424"]
[BlackElo "2256"]
[TimeControl "180+1"]
[EndTime "10:39:24 PDT"]
[Termination "Zhani-Z won on time"]

1. e4 e6 2. d4 d5 3. Nc3 Bb4 4. exd5 exd5 5. Bd3 Nc6 6. a3 Bxc3+ 7. bxc3 Na5 8. Qf3 Be6 9. Ne2 Qd7 10. O-O Ne7 11. a4 O-O-O 12. Bb5 c6 13. Bd3 h5 14. Bf4 f6 15. h4 Rdf8 16. Bh2 g5 17. Qg3 Kd8 18.
hxg5 fxg5 19. Qxg5 Rhg8 20. Qe5 Bh3 21. Nf4 Rxf4 22. Qxf4 Bxg2 23. Rfe1 h4 24. Qxh4 Be4+ 25. Bg3 Rg4 26. Qh8+ Ng8 27. Bxe4 dxe4 28. Qe5 Nc4 29. Qb8+ Ke7 30. Re2 Nf6 31. Rae1 a5 32. Qh8 Qf5 33. Qh3 Qg5 34. Kf1 Nd2+ 35. Kg2 Nf3 36. Rh1 Qf5 37. Kf1 Ng5 38. Qg2 Nf3 39. Qh3 Ng5 40. Qh8 Qf3 41.
Be5 Nfh7 42. Qg7+ Ke6 43. Rxh7 Kd5 44. Qg8+ Ne6 45. Rh2 e3 46. Qe8 1-0

[Event "*** SCC Grand Prix: Titled Tuesday Blitz"]
[Site "Chess.com"]
[Date "2020.07.21"]
[Round "4"]
[White "maiconramazzotte99"]
[Black "Rap_woyska"]
[Result "0-1"]
[WhiteElo "1759"]
[BlackElo "2369"]
[TimeControl "180+1"]
[EndTime "10:39:24 PDT"]
[Termination "Rap_woyska won by checkmate"]

1. e4 c5 2. Nf3 e6 3. d4 cxd4 4.
Nxd4 Nc6 5. Nc3 Qc7 6. Be3 a6 7. Be2 Nf6 8. f3 Be7 9. a4 Nxd4 10. Bxd4 d6 11. a5 O-O 12. Bb6 Qc6 13. O-O Bd8 14.
Bxd8 Rxd8 15. Qe1 b5 16. axb6 Qxb6+ 17. Kh1 Qxb2 18. Rb1 Qa3 19. Rb3 Qc5 20. Na4 Qc6 21. Qa5 Bd7 22. Nb6 Qc7 23. Rfb1 Be8 24. Qd2 Rab8 25.
Bxa6 d5 26. exd5 Nxd5 27. Nxd5 Rxb3 28. Rxb3 Rxd5 29. Bd3 g6 30. h3 Qe5 31. Qc1 Ra5 32.
Rb1 Bc6 33. Qb2 Qc5 34. Qf6 Ra8 35. Qf4 Kg7 36. Kh2 e5 37. Qd2 Qd5 38. Rd1 Qe6 39. Qe3 Rd8 40. Be2 Rxd1 41. Bxd1 e4 42. fxe4 Qd6+ 43. e5 Qxd1 44. e6 Qd6+ 45. g3 Qxe6 46. Qc3+ Qf6 47. Qd3 h5 48. c3 Qf3 49. Qd4+ f6 50.
Qa7+ Kh6 51. Qg1 Qxc3 52. g4 Qd2+ 53. Kg3 g5 54. gxh5 Qf4# 0-1

[Event "*** SCC Grand Prix: Titled Tuesday Blitz"]
[Site "Chess.com"]
[Date "2020.07.21"]
[Round "4"]
[White "Jbd735"]
[Black "doons21"]
[Result "1-0"]
[WhiteElo "2482"]
[BlackElo "2633"]
[TimeControl "180+1"]
[EndTime "10:39:25 PDT"]
[Termination "Jbd735 won by checkmate"]

1. e4 c5 2. Nf3 d6 3. d4 cxd4 4. Nxd4 Nf6 5. Nc3 a6 6. Bg5 e6 7.
f4 Be7 8. Qe2 Qc7 9. O-O-O Nbd7 10. Nf3 h6 11. Bh4 e5 12. fxe5 dxe5 13. Nd5 Nxd5 14.
exd5 Bxh4 15. Nxh4 O-O 16. Nf5 Nf6 17. d6 Qa5 18. Ne7+ Kh8 19. Nxc8 Raxc8 20. Kb1 Rfd8 21. g3 Rc6 22. Bg2 Rb6 23. Rhe1 Rdxd6 24. Rxd6 Rxd6 25. Bxb7 Rd2 26. Qxa6 Qc7 27. Be4 Qd8 28. a4 g6 29.
Bd3 e4 30. Bxe4 Rd1+ 31. Rxd1 Qxd1+ 32. Ka2 Qd4 33. Qa8+ Kg7 34. Bd3 Nd5 35. Qa5 Nb4+ 36. Kb3 Nc6 37. Qc3 Kf6 38. Qxd4+ Nxd4+ 39. Kc4 Ke5 40. a5 Ne6 41. a6 Kd6 42. a7 Nc7 43. Be4 f5 44. a8=Q Nxa8 45. Bxa8 g5 46. Bf3 Ke5 47. Kd3 g4 48. Be2 f4 49. Bxg4 fxg3 50.
hxg3 Kf6 51. Bh5 Kg5 52. g4 Kf4 53. b4 Kg5 54. c4 Kf4 55. b5 Kg5 56. c5 Kf4 57. c6 Kg5 58. Kc4 Kf4 59. Kc5 Kg5 60. b6 Kf4 61. c7 Kg5 62. b7 Kf4 63. b8=R Kg5 64. c8=Q Kf4 65. Qf5+ Kg3 66. g5 Kh4 67. gxh6 Kg3 68. Qg4+ Kf2 69. h7 Kf1 70. h8=Q Ke1 71.
Qe5+ Kf1 72. Qf3+ Kg1 73. Rg8# 1-0